 Dungeon Crawl Stone Soup version 0.30-a0-782-ge64f9170bb (webtiles) character file.

Game seed: 1924810044238450032

18 mopl the Vexing (level 2, -1/15 HPs)
             Began as a Deep Elf Enchanter on Mar 11, 2023.
             Slain by a hobgoblin (3 damage)
             ... on level 1 of the Dungeon.
             The game lasted 00:00:34 (325 turns).

mopl the Vexing (Deep Elf Enchanter)                 Turns: 325, Time: 00:00:34

Health: -1/15      AC:  2    Str:  5    XL:     2   Next: 48%
Magic:  6/8        EV: 12    Int: 19    God:
Gold:   25         SH:  0    Dex: 15    Spells: 5/7 levels left

rFire   . . .      SeeInvis .    a - +1 dagger
rCold   . . .      Faith    .    (no shield)
rNeg    . . .      Spirit   .    b - +0 robe
rPois   .          Reflect  .    (no helmet)
rElec   .          Harm     .    (no cloak)
rCorr   .          Rampage  .    (no gloves)
Will    .....                    (no boots)
Stlth   +++                      (no amulet)
HPRegen 0.22/turn                (no ring)
MPRegen 0.11/turn                (no ring)

@: no status effects
A: no striking features
a: no special abilities


You were on level 1 of the Dungeon.
You visited 1 branch of the dungeon, and saw 1 of its levels.

You collected 25 gold pieces.

Inventory:

Hand Weapons
 a - a +1 dagger (weapon)
Armour
 b - a +0 robe (worn)
Scrolls
 e - a scroll of enchant armour {unknown}
 f - 3 scrolls of torment {unknown}
 h - 2 scrolls of identify {unknown}
Potions
 c - 2 potions of invisibility
 d - a potion of heal wounds {unknown}
 g - a potion of mutation {unknown}


   Skills:
 + Level 1.5 Short Blades
 - Level 2.4 Dodging
 + Level 3.9 Stealth
 + Level 3.4 Spellcasting
 + Level 4.3 Hexes


You had 5 spell levels left.
You knew the following spells:

 Your Spells              Type           Power      Damage    Failure   Level
b - Ensorcelled Hibernat  Hex/Ice        22%        N/A       9%          2

Your spell library contained the following spells:

 Spells                   Type           Power      Damage    Failure   Level
 Confusing Touch          Hex            19%        N/A       8%          3
 Tukima's Dance           Hex            19%        N/A       8%          3
 Apportation              Tloc           6%         N/A       14%         1
 Necrotise                Necr           12%        1d4       14%         1
 Summon Small Mammal      Summ           12%        N/A       14%         1
 Dazzling Flash           Conj/Hex       22%        N/A       19%         3
 Stone Arrow              Conj/Erth      6%         3d7       41%         3
 Animate Armour           Summ/Erth      6%         N/A       82%         4
 Lehudib's Crystal Spear  Conj/Erth      1%         10d2      100%        8


Dungeon Overview and Level Annotations

Branches:
Dungeon (1/15)

Altars:


Message History

Found a fizzy purple potion.
The helpless bat fails to defend itself.
You puncture the bat!
You kill the bat!
Found a robe.
A giant cockroach comes into view.
Found a book of Armaments.
Found a stone staircase leading down.
A goblin comes into view. It is wielding a +0 club.
The giant cockroach looks drowsy...
The helpless giant cockroach fails to defend itself.
You puncture the giant cockroach!
You kill the giant cockroach!
Found 2 scrolls labelled PUPTIT XUID FEAC.
The helpless goblin fails to defend itself.
You puncture the goblin!
You kill the goblin!
g - a fizzy purple potion
h - 2 scrolls labelled PUPTIT XUID FEAC You open the door.
There is an open door here.
You pick up a book of Armaments and begin reading...
You add the spells Stone Arrow, Animate Armour and Lehudib's Crystal Spear to your library. 2 hobgoblins and a kobold come into view.
The hobgoblin shouts! x2
The kobold shouts!
You hit the hobgoblin but do no damage. The hobgoblin hits you.
The kobold hits you but does no damage.
The hobgoblin resists with significant effort.
The hobgoblin hits you.
The kobold hits you with a +0 short sword.
You are too injured to fight recklessly!
You are too injured to fight recklessly!
The kobold attacks as you move away!
The kobold hits you with a +0 short sword.
* * * LOW HITPOINT WARNING * * *
The kobold throws a stone.
The stone hits you but does no damage. The hobgoblin attacks as you move away!
The hobgoblin hits you.
* * * LOW HITPOINT WARNING * * *
The hobgoblin attacks as you move away! The hobgoblin hits you.
You die...

#.......#.....#..........
#.....#.#.#.............#
#.....#.#.#.............#
#.....'.................#
##....#.#.###+##........#
#............##........#
###.....######.....#....
#.................+....
#.....@...........# ...
#....#g...........#####
#....K.................
#####.g..........####..
#######.....##...........
#...........##....†......
#..........!##.........#.
#...........######....##.
#.......(...# #.......


You could see 2 hobgoblins and a kobold.

Vanquished Creatures
  A gnoll (D:1)
  2 giant cockroaches (D:1)
  A goblin (D:1)
  A hobgoblin (D:1)
  2 bats (D:1)
  2 rats (D:1)
9 creatures vanquished.

Notes
Turn   | Place    | Note
-------+----------+-------------------------------------------
     0 | D:1      | mopl the Deep Elf Enchanter began the quest for the Orb.
     0 | D:1      | Reached XP level 1. HP: 10/10 MP: 6/6
   101 | D:1      | Reached XP level 2. HP: 15/15 MP: 8/8
   104 | D:1      | Learned a level 2 spell: Ensorcelled Hibernation
   325 | D:1      | Slain by a hobgoblin

Illustrated notes

Levels and vault maps discovered:
D:1:      dpeg_arrival_lava_temple_mockup, layout_basic

Action                     || total
---------------------------++-------
  Melee: Dagger            ||    14
   Cast: Ensorcelled Hiber ||     6
   Stab: Sleeping          ||     7
 Armour: Robe              ||     5
  Dodge: Dodged            ||     7

Table legend: (Time is in decaauts)
 A = Elapsed time spent in this place.
 B = Non-inter-level travel time spent in this place.
 C = Inter-level travel time spent in this place.
 D = Time resting spent in this place.
 E = Time spent auto-exploring this place.
 F = Levels seen in this place.
 G = Mean time per level.
                   A        B        C        D        E       F      G
               +--------+--------+--------+--------+--------+-----+--------+
         Total |    324 |    324 |      0 |      0 |    245 |   1 |  324.0 |
       Dungeon |    324 |    324 |      0 |      0 |    245 |   1 |  324.0 |
               +--------+--------+--------+--------+--------+-----+--------+

Top non-repeatable levels by time:
     D:1: 324 daAuts
